 Dungeon Crawl Stone Soup version 0.32-a0-918-g0f22ef8 (webtiles) character file.

Game seed: 3179117696214493542

4 Sumgai83 the Sneak (level 1, 0/9 HPs)
             Began as a Spriggan Wanderer on Apr 10, 2024.
             Slain by a jackal (3 damage)
             ... on level 1 of the Dungeon.
             The game lasted 00:01:44 (295 turns).

Sumgai83 the Sneak (Spriggan Wanderer)               Turns: 295, Time: 00:01:44

Health: 0/9        AC:  2    Str:  9    XL:     1   Next: 58%
Magic:  4/4        EV: 13    Int: 11    God:
Gold:   13         SH:  6    Dex: 15    Spells: 2/3 levels left

rFire   . . .        a - +0 dagger
rCold   . . .        e - +2 buckler
rNeg    . . .        d - +0 robe
rPois   .            b - +0 hat
rElec   .            (no cloak)
rCorr   .            (gloves unavailable)
SInv    +            (boots unavailable)
Will    .....        (no amulet)
Stlth   +++          (no ring)
HPRegen 0.21/turn    (no ring)
MPRegen 0.09/turn

%: no passive effects
@: very quick
A: very small, no large weapons, unfitting armour, see invisible, speed 3
a: no special abilities


You were on level 1 of the Dungeon.
You visited 1 branch of the dungeon, and saw 1 of its levels.

You collected 13 gold pieces.

Inventory:

Hand Weapons
 a - a +0 dagger (weapon)
Armour
 b - a +0 hat (worn)
 d - a +0 robe (worn)
 e - a +2 buckler (worn)
Scrolls
 c - a scroll of vulnerability


   Skills:
 * Level 0.1 Short Blades
 + Level 4.6 Stealth
 + Level 2.2 Shields
 * Level 1.6 Spellcasting
 + Level 3.7 Hexes


You had 2 spell levels left.
You knew the following spells:

 Your Spells              Type           Power      Damage    Failure   Level
a - Slow                  Hex            36%        N/A       10%         1

Your spell library contained the following spells:

 Spells                   Type           Power      Damage    Failure   Level
 Dazzling Flash           Conj/Hex       8%         N/A       54%         3


Dungeon Overview and Level Annotations

Branches:
Dungeon (1/15)

Altars:


Innate Abilities, Weirdness & Mutations

You are very small and have problems with some larger weapons.
You are too small for most types of armour.
You have supernaturally acute eyesight. (SInv)
You cover ground extremely quickly. (Speed+++)


Message History

You hit the jackal but do no damage.
The jackal is heavily wounded.
The jackal bites you but does no damage.
You block the jackal's attack.
The jackal bites you but does no damage.
You barely miss the jackal.
The jackal is heavily wounded.
The jackal bites you but does no damage.
The jackal bites you.
* * * LOW HITPOINT WARNING * * *
The jackal misses you.
Found a pair of boots.
The jackal bites you.
* * * LOW HITPOINT WARNING * * *
The jackal attacks as it pursues you! The jackal misses you.
The jackal attacks as it pursues you! The jackal misses you.
A jackal is nearby!
The jackal bites you.
* * * LOW HITPOINT WARNING * * *
You hit the jackal.
The jackal is moderately wounded.
You block the jackal's attack.
You closely miss the jackal.
The jackal is moderately wounded.
The jackal misses you. The jackal barely misses you.
You closely miss the jackal.
The jackal is moderately wounded.
The jackal closely misses you.
You hit the jackal.
The jackal is heavily wounded.
The jackal closely misses you. x2
You barely miss the jackal.
The jackal is heavily wounded.
You block the jackal's attack.
You hit the jackal.
The jackal is almost dead.
You block the jackal's attack. The jackal closely misses you.
You hit the jackal.
You kill the jackal!
The jackal bites you.
You die...

+# .# .#
#####.#
#Jh@..#
#.#########
#...h.h...+
#....###J##
########.#
#.......h#
.####...#
##J.## #
##.B.#


You could see an endoplasm and a jackal.

Vanquished Creatures
  3 goblins (D:1)
  A jackal (D:1)
  A kobold (D:1)
5 creatures vanquished.

Notes
Turn   | Place    | Note
-------+----------+-------------------------------------------
     0 | D:1      | Sumgai83 the Spriggan Wanderer began the quest for the Orb.
     0 | D:1      | Sumgai83 set off with the following items: a +0 dagger, a
                  | +0 hat, a scroll of vulnerability, a +0 robe, a +2 buckler;
                  | and the following spell memorised: Slow; and the following
                  | spells available to memorise: Dazzling Flash.
     0 | D:1      | Reached XP level 1. HP: 9/9 MP: 3/3
   295 | D:1      | Slain by a jackal

Illustrated notes

Levels and vault maps discovered:
D:1:      matt_arrival_grand_opening, layout_basic,
          shapermc_ecumenical_altar_starsandcircs, serial_shops,
          nicolae_lakefront_shop

Action                     || total
---------------------------++-------
  Melee: Dagger            ||    31
   Cast: Slow              ||     1
 Armour: Robe              ||    24
  Dodge: Dodged            ||    19
  Block: Buckler           ||    14

Table legend: (Time is in decaauts)
 A = Elapsed time spent in this place.
 B = Non-inter-level travel time spent in this place.
 C = Inter-level travel time spent in this place.
 D = Time resting spent in this place.
 E = Time spent auto-exploring this place.
 F = Levels seen in this place.
 G = Mean time per level.
                   A        B        C        D        E       F      G
               +--------+--------+--------+--------+--------+-----+--------+
         Total |    246 |    245 |      1 |    136 |      7 |   1 |  246.0 |
       Dungeon |    246 |    245 |      1 |    136 |      7 |   1 |  246.0 |
               +--------+--------+--------+--------+--------+-----+--------+

Top non-repeatable levels by time:
     D:1: 246 daAuts
